 Dungeon Crawl Stone Soup version 0.23.2-40-g277498a (webtiles) character file.

Game seed: 4745215079627373895

521 Groondon the Shield-Bearer (level 7, -6/61 HPs)
             Began as a Minotaur Fighter on Oct 15, 2019.
             Killed by nerve-wracking pain
             ... invoked by an orc priest
              (14 damage)
             ... on level 4 of the Dungeon.
             The game lasted 00:42:04 (4345 turns).

Groondon the Shield-Bearer (Minotaur Fighter)       Turns: 4345, Time: 00:42:05

Health: -6/61      AC: 12    Str: 28    XL:     7   Next: 1%
Magic:  6/6        EV:  6    Int:  5    God:
Gold:   209        SH: 11    Dex:  9    Spells: 6/6 levels left

rFire    . . .     SeeInvis .   a - +0 long sword
rCold    . . .     Gourm    .   c - +0 shield
rNeg     . . .     Faith    .   i - +0 plate armour
rPois    +         Spirit   .   (helmet restricted)
rElec    .         Reflect  .   (no cloak)
rCorr    .         Harm     .   (no gloves)
MR       .....                  (no boots)
Stlth    ..........             (no amulet)
HPRegen  0.20/turn              o - ring of poison resistance
MPRegen  0.10/turn              (no ring)

@: mighty
A: retaliatory headbutt, horns 2
a: no special abilities


You were on level 4 of the Dungeon.
You were very hungry.

You visited 1 branch of the dungeon, and saw 4 of its levels.

You collected 209 gold pieces.

Inventory:

Hand Weapons
 a - a +0 long sword (weapon)
 n - a +0 bardiche
 q - a +0 club
 u - a +2 dagger of flaming
 z - a +0 flail
 F - a +0 morningstar
Missiles
 k - 80 stones (quivered)
 p - 4 tomahawks
 w - a throwing net
Armour
 b - a +0 ring mail
 c - a +0 shield (worn)
 i - a +0 plate armour (worn)
 v - a +0 leather armour
Jewellery
 o - a ring of poison resistance (left hand)
Scrolls
 h - a scroll of remove curse {unknown}
 j - a scroll of enchant weapon {unknown}
 m - 3 scrolls of teleportation
 r - a scroll of blinking {unknown}
 s - a scroll of identify
 t - a scroll of enchant armour {unknown}
 y - a scroll of fear {unknown}
Potions
 d - a potion of might
 e - 2 potions of curing {unknown}
 g - 4 potions of haste
 l - a potion of cancellation {unknown}
Comestibles
 f - 5 rations


   Skills:
 + Level 5.0 Fighting
 + Level 1.5(2.8) Short Blades
 + Level 4.1(4.3) Long Blades
 + Level 5.3 Armour
 + Level 0.6 Dodging
 + Level 0.1 Stealth
 + Level 6.8 Shields


You had 6 spell levels left.
You didn't know any spells.
Your spell library was empty.

Dungeon Overview and Level Annotations

Branches:
Dungeon (4/15)
 Temple: D:4-7

Altars:


Innate Abilities, Weirdness & Mutations

You reflexively headbutt those who attack you in melee.
You have a pair of horns on your head.


Message History

The orc priest calls down the wrath of Beogh upon you.
Beogh smites you!
* * * LOW HITPOINT WARNING * * *
You feel very mighty all of a sudden. The orc priest hits you.
* * * LOW HITPOINT WARNING * * *
The worm bites you but does no damage. You block the orc's attack.
The orc priest barely misses you. The orc hits you but does no damage.
You barely miss the orc priest. The orc priest barely misses you.
You riposte.
You slash the orc priest!
The orc priest is almost dead.
You block the worm's attack.
The orc priest hits you but does no damage.
The orc hits you but does no damage.
You completely miss the orc priest. You block the orc priest's attack. x2
The orc barely misses you. The worm bites you.
* * * LOW HITPOINT WARNING * * *
The orc priest calls down the wrath of Beogh upon you.
Pain shoots through your body!
You die...

#.)..........#
#.........)..#
#............#
##...####+##.#
##...## ...# #####
#.....# ....# ....#
#.....# ...... ....#
######.oo..#......(
....#
........@o.'........
#+###
#..##.##wZ###.....#.
#... #+ #..# ##.
.... ...... ....
..<....# ....
.........#oo ###.
.<.##....### ...
#......#


You could see a worm, 2 orc priests, an orc and a centaur skeleton.

Vanquished Creatures
  Grinder (D:3)
  An orc wizard (D:3)
  A worker ant (D:4)
  Robin (D:3)
  7 gnolls
  8 adders
  A shadow imp (D:4)
  An adder skeleton (D:4)
  An adder zombie (D:1)
  4 worms
  7 leopard geckos
  8 orcs
  A bat zombie (D:1)
  A giant cockroach (D:1)
  12 goblins
  4 hobgoblins
  9 jackals
  2 quokkas (D:2)
  A ball python (D:2)
  9 bats
  6 frilled lizards
  A jackal skeleton (D:4)
  9 kobolds
  6 rats
102 creatures vanquished.

Notes
Turn   | Place    | Note
-------+----------+-------------------------------------------
     0 | D:1      | Groondon the Minotaur Fighter began the quest for the Orb.
     0 | D:1      | Reached XP level 1. HP: 19/19 MP: 0/0
   133 | D:1      | Reached XP level 2. HP: 26/27 MP: 1/1
   137 | D:1      | Reached skill level 4 in Shields
   965 | D:1      | Reached XP level 3. HP: 30/33 MP: 2/2
  2497 | D:3      | Noticed Robin
  2501 | D:3      | Reached skill level 5 in Shields
  2505 | D:3      | Reached XP level 4. HP: 32/40 MP: 3/3
  2515 | D:3      | Killed Robin
  2938 | D:3      | Reached XP level 5. HP: 39/47 MP: 4/4
  3179 | D:3      | Noticed Grinder
  3207 | D:3      | Reached skill level 6 in Shields
  3222 | D:3      | Killed Grinder
  3222 | D:3      | Reached skill level 1 in Short Blades
  3222 | D:3      | Reached skill level 5 in Armour
  3222 | D:3      | Reached XP level 6. HP: 23/53 MP: 5/5
  4325 | D:4      | Reached skill level 5 in Fighting
  4325 | D:4      | Reached XP level 7. HP: 36/61 MP: 6/6
  4345 | D:4      | Killed from afar by an orc priest

Skill      XL: |  1  2  3  4  5  6 |
---------------+-------------------+-----
Shields        | 4 5 6 |  6.8
Fighting       | 4 5 |  5.0
Armour         | 4 5 |  5.3
Long Blades    | 3 4 |  4.1
Short Blades   | 1 |  1.5
Dodging        | |  0.6
Stealth        | |  0.1

Action                   |  1- 3 |  4- 6 |  7- 9 || total
-------------------------+-------+-------+-------++-------
Melee: Long sword        |   146 |    79 |    11 ||   236
       Headbutt          |    20 |    36 |     3 ||    59
       Dagger            |       |   110 |       ||   110
       Morningstar       |       |     4 |       ||     4
  Use: Scroll            |       |     2 |       ||     2
       Potion            |       |       |     1 ||     1
  Eat: Ration            |     1 |     2 |       ||     3
Armor: Scale mail        |    14 |       |       ||    14
       Plate armour      |   182 |   147 |    15 ||   344
Dodge: Dodged            |    46 |    50 |     5 ||   101
Block: Shield            |   158 |   154 |    18 ||   330
       Rpst.: Long sword |    11 |     9 |     2 ||    22
